 Dungeon Crawl Stone Soup version 0.31-a0-819-gf6de2f5ab6 (webtiles) character file.

Game seed: 11556095634596064405

35 randomguy2701 the Covered (level 3, -2/31 HPs)
             Began as a Gnoll Wanderer on Sept 24, 2023.
             Slain by Terence
             ... wielding a +3 flail of holy wrath
              (4 damage)
             ... on level 2 of the Dungeon.
             The game lasted 00:01:31 (1109 turns).

randomguy2701 the Covered (Gnoll Wanderer)          Turns: 1109, Time: 00:01:31

Health: -2/31      AC: 12    Str: 17    XL:     3   Next: 35%
Magic:  4/4        EV:  5    Int:  9    God:
Gold:   98         SH:  0    Dex:  9    Spells: 3/3 levels left

rFire   . . .        b - +0 short sword
rCold   . . .        (no shield)
rNeg    . . .        f - +0 plate armour
rPois   .            (no helmet)
rElec   .            (no cloak)
rCorr   .            (no gloves)
SInv    .            (no boots)
Will    .....        (no amulet) Stlth
                     (no ring)
HPRegen 0.25/turn    (no ring)
MPRegen 0.09/turn

%: no passive effects
@: no status effects
A: fangs 1, strong nose, distributed training
a: no special abilities


You were on level 2 of the Dungeon.
You visited 1 branch of the dungeon, and saw 2 of its levels.

You collected 98 gold pieces.

Inventory:

Hand Weapons
 a - a +2 mace
 b - a +0 short sword (weapon)
Armour
 f - a +0 plate armour (worn)
Scrolls
 c - 2 scrolls of identify {unknown}
 d - a scroll of blinking
 e - a scroll of torment {unknown}
 g - a scroll of revelation {unknown}
 h - a scroll of enchant weapon {unknown}
 k - 2 scrolls of teleportation {unknown}
Potions
 i - 2 potions of mutation {unknown}
 j - a potion of lignification {unknown}


   Skills:
 + Level 4.5 Fighting
 + Level 2.6 Short Blades
 + Level 0.8 Long Blades
 + Level 0.8 Axes
 + Level 6.5 Maces & Flails
 + Level 0.8 Polearms
 + Level 0.8 Staves
 + Level 0.8 Ranged Weapons
 + Level 2.6 Throwing
 + Level 6.5 Armour
 + Level 0.8 Dodging
 + Level 0.8 Stealth
 + Level 0.8 Shields
 + Level 0.8 Unarmed Combat
 + Level 0.8 Spellcasting
 + Level 0.5 Conjurations
 + Level 0.5 Hexes
 + Level 0.5 Summonings
 + Level 0.5 Necromancy
 + Level 0.5 Translocations
 + Level 0.5 Transmutations
 + Level 0.5 Fire Magic
 + Level 0.5 Ice Magic
 + Level 0.5 Air Magic
 + Level 0.5 Earth Magic
 + Level 0.5 Poison Magic
 + Level 1.0 Invocations
 + Level 0.8 Evocations
 + Level 0.7 Shapeshifting


You had 3 spell levels left.
You didn't know any spells.
Your spell library was empty.

Dungeon Overview and Level Annotations

Branches:
Dungeon (2/15)

Altars:

Annotations:
D:2 Terence


Innate Abilities, Weirdness & Mutations

You have very sharp teeth.
Your uncanny sense of smell can sniff out nearby items.
Your experience applies equally to all skills.


Message History

You are too injured to fight recklessly!
You are too injured to fight recklessly!
You are too injured to fight recklessly!
You are too injured to fight recklessly!
You are too injured to fight recklessly!
You are too injured to fight recklessly!
Unknown command.
You hit Terence.
Terence is moderately wounded.
Terence hits you but does no damage.
You closely miss Terence.
Terence is moderately wounded.
Terence hits you with a +3 flail of holy wrath.
You hit Terence but do no damage.
Terence is moderately wounded.
Terence hits you but does no damage.
You closely miss Terence.
Terence is moderately wounded.
You hit Terence but do no damage.
Terence is moderately wounded.
Terence hits you with a +3 flail of holy wrath.
You completely miss Terence.
Terence is moderately wounded.
Terence barely misses you.
You barely miss Terence.
Terence is moderately wounded.
Terence hits you with a +3 flail of holy wrath!
* * * LOW HITPOINT WARNING * * *
You barely miss Terence. You punch Terence, but do no damage.
Terence is moderately wounded.
Terence hits you but does no damage.
You hit Terence but do no damage. You punch Terence, but do no damage.
Terence is moderately wounded.
Terence hits you but does no damage.
You hit Terence but do no damage.
Terence is moderately wounded.
You hit Terence but do no damage. You bite Terence.
Terence is heavily wounded.
Terence hits you with a +3 flail of holy wrath.
You die...

∆ ## ##♣♣ #.. ...♣♣♣
♣....##.#.####......
.....#.#.##.....#
..... #.##.@...#
####...###.##@....#
#.................#
#.................#
#......###.........#
#...........##.##....
.. #.....##....# .#
.... ..##.###.#.....#
.. ...
.........#.#..## ...
.. #.##.......#....
...


You could see Terence.

Vanquished Creatures
  3 ball pythons (D:1)
  2 endoplasms (D:1)
  A giant cockroach (D:1)
  4 goblins (D:1)
  3 hobgoblins (D:1)
  6 kobolds (D:1)
  A quokka (D:1)
  2 bats (D:1)
  A frilled lizard (D:1)
  10 rats (D:1)
33 creatures vanquished.

Notes
Turn   | Place    | Note
-------+----------+-------------------------------------------
     0 | D:1      | randomguy2701 the Gnoll Wanderer began the quest for the
                  | Orb.
     0 | D:1      | randomguy2701 set off with the following items: a +2 mace,
                  | a +0 short sword, a +0 ring mail, a scroll of blinking.
     0 | D:1      | Reached XP level 1. HP: 20/20 MP: 1/1
   111 | D:1      | Reached XP level 2. HP: 26/26 MP: 2/2
   143 | D:1      | Found a faded altar of an unknown god.
   582 | D:1      | Reached XP level 3. HP: 31/31 MP: 3/3
   868 | D:1      | Reached skill level 1 in Invocations
  1086 | D:2      | Noticed Terence
  1109 | D:2      | Slain by Terence

Illustrated notes

Levels and vault maps discovered:
D:1:      elethiomel_arrival_diamonds, layout_basic,
          dreamdust_ecumenical_altar_grove, st_stairs_8, minmay_tripent
D:2:      layout_basic, serial_forest, infiniplex_forest_end_3,
          infiniplex_forest_clump_double, infiniplex_forest_clump_curved,
          infiniplex_forest_pool, infiniplex_forest_corner_2,
          infiniplex_forest_lined_room_2, infiniplex_forest_zigzag_1,
          infiniplex_forest_3_way, infiniplex_forest_straight_2, uniq_terence,
          uniq_crazy_yiuf_cottage

Skill      XL: |  1  2  3 |
---------------+----------+-----
Invocations    | 1 |  1.0
Fighting       | |  4.5
Short Blades   | |  2.6
Long Blades    | |  0.8
Axes           | |  0.8
Maces & Flails | |  6.5
Polearms       | |  0.8
Staves         | |  0.8
Ranged Weapons | |  0.8
Throwing       | |  2.6
Armour         | |  6.5
Dodging        | |  0.8
Stealth        | |  0.8
Shields        | |  0.8
Unarmed Combat | |  0.8
Spellcasting   | |  0.8
Conjurations   | |  0.5
Hexes          | |  0.5
Summonings     | |  0.5
Necromancy     | |  0.5
Translocations | |  0.5
Transmutations | |  0.5
Fire Magic     | |  0.5
Ice Magic      | |  0.5
Air Magic      | |  0.5
Earth Magic    | |  0.5
Poison Magic   | |  0.5
Evocations     | |  0.8
Shapeshifting  | |  0.7

Action                     || total
---------------------------++-------
  Melee: Mace              ||    40
         Bite              ||     9
         Short sword       ||   102
         Punch             ||     3
 Armour: Ring mail         ||    39
         Plate armour      ||    67
  Dodge: Dodged            ||    45

Table legend: (Time is in decaauts)
 A = Elapsed time spent in this place.
 B = Non-inter-level travel time spent in this place.
 C = Inter-level travel time spent in this place.
 D = Time resting spent in this place.
 E = Time spent auto-exploring this place.
 F = Levels seen in this place.
 G = Mean time per level.
                   A        B        C        D        E       F      G
               +--------+--------+--------+--------+--------+-----+--------+
         Total |   1098 |   1064 |     34 |      0 |    800 |   2 |  549.0 |
       Dungeon |   1098 |   1064 |     34 |      0 |    800 |   2 |  549.0 |
               +--------+--------+--------+--------+--------+-----+--------+

Top non-repeatable levels by time:
     D:1: 1050 daAuts
     D:2: 47 daAuts
